 Dungeon Crawl Stone Soup version 0.28.0-43-g3370ac3207 (webtiles) character file.

Game seed: 11087861450709989564

69594 choreboyy the Fighter (level 14, -1/129 HPs)
             Began as a Palentonga Fighter on Mar 16, 2022.
             Was an Initiate of Gozag.
             Killed from afar by a deep elf pyromancer (48 damage)
             ... with a bolt of fire
             ... on level 14 of the Dungeon.
             The game lasted 01:25:47 (33298 turns).

choreboyy the Fighter (Palentonga Fighter)         Turns: 33298, Time: 01:25:49

Health: -1/129     AC: 30    Str: 41    XL:     14   Next: 91%
Magic:  23/23      EV: 10    Int:  9    God:    Gozag
Gold:   406        SH:  0    Dex:  9    Spells: 13/13 levels left

rFire   x . .      SeeInvis +   p - +4 demon trident (elec)
rCold   + + +      Faith    .   (no shield)
rNeg    . . .      Spirit   .   f - +2 ice dragon scales
rPois   +          Reflect  .   F - +1 hat
rElec   +          Harm     .   l - +2 cloak
rCorr   .          Rampage  .   o - +2 pair of gloves "Roff" {rElec Str+2 Stlth+}
Will    +....                   (no barding)
Stlth   +.........              d - amulet of the acrobat
HPRegen 0.31/turn               X - ring of Ziemeqey {rPois rC+ MP+9 Str+8 Stlth-}
MPRegen 0.18/turn               D - +6 ring of strength

@: gold aura, curled up
A: large, rugged brown scales 3, see invisible, deformed body, roll 1, armoured
tail, reflexive curl
a: Rolling Charge, Renounce Religion, Potion Petition, Call Merchant, Bribe
Branch


You were on level 14 of the Dungeon.
You worshipped Gozag.
Gozag was aware of your devotion.
You visited 3 branches of the dungeon, and saw 21 of its levels.
You also visited: Sewer.

You collected 5211 gold pieces.
You spent 1447 gold pieces at shops.
You paid 3358 gold pieces to Gozag.

Inventory:

Hand Weapons
 p - a +4 demon trident of electrocution (weapon)
Missiles
 h - 2 throwing nets
Armour
 f - +2 ice dragon scales (worn)
 l - a +2 cloak (worn)
 o - the +2 pair of gloves "Roff" (worn) {rElec Str+2 Stlth+}
   (You bought it in a shop on level 2 of the Lair of Beasts)

   Str:       It affects your strength (+2).
   rElec:     It insulates you from electricity.
   Stlth:     It makes you more stealthy.
 F - a +1 hat (worn)
Jewellery
 a - a ring of willpower
 d - an amulet of the acrobat (around neck)
 D - a +6 ring of strength (right hand)
 X - the ring of Ziemeqey (left hand) {rPois rC+ MP+9 Str+8 Stlth-}
   (You bought it in a shop on level 12 of the Dungeon)

   [ring of protection from cold]

   Str:       It affects your strength (+8).
   rC:        It protects you from cold.
   rPois:     It protects you from poison.
   MP:        It affects your magic capacity (+9).
   Stlth:     It makes you less stealthy.
Wands
 i - a wand of polymorph (4)
 s - a wand of charming (6)
 y - a wand of flame (47)
 E - a wand of paralysis (20)
 M - a wand of iceblast (2)
Scrolls
 e - 3 scrolls of teleportation
 j - a scroll of enchant weapon
 n - 14 scrolls of identify
 t - 2 scrolls of immolation
 w - a scroll of fear
 K - 6 scrolls of magic mapping
 L - a scroll of torment
 O - a scroll of fog
 P - a scroll of enchant armour
Potions
 b - 5 potions of curing
 c - 2 potions of cancellation
 k - 7 potions of lignification
 q - a potion of brilliance {unknown}
 r - 5 potions of haste
 z - 3 potions of attraction
 H - 2 potions of might
 S - a potion of ambrosia
 V - 2 potions of flight
 W - a potion of degeneration {unknown}
Miscellaneous
 U - a lightning rod (4/4)


   Skills:
 + Level 14.6 Fighting
 + Level 12.8 Polearms
 + Level 13.5 Armour
 - Level 6.9 Dodging
 - Level 3.7 Stealth
 - Level 2.4 Shields
 - Level 1.2 Evocations


You had 13 spell levels left.
You didn't know any spells.
Your spell library contained the following spells:

 Spells                   Type           Power      Damage    Failure   Level
 Beastly Appendage        Tmut           0%         N/A       54%         1
 Magic Dart               Conj           0%         1d3       54%         1
 Shock                    Conj/Air       0%         1d3       54%         1
 Call Imp                 Summ           0%         N/A       69%         2
 Corpse Rot               Necr/Air       0%         N/A       69%         2
 Scorch                   Fire           0%         2d5       69%         2
 Wereblood                Tmut           0%         N/A       69%         2
 Frozen Ramparts          Ice            0%         1d2       89%         3
 Mephitic Cloud           Conj/Pois/Air  0%         N/A       89%         3
 Spider Form              Tmut/Pois      0%         N/A       89%         3
 Airstrike                Air            0%         N/A       100%        4
 Dispel Undead            Necr           0%         3d6       100%        4
 Fulminant Prism          Conj/Hex       0%         3d6       100%        4
 Hailstorm                Conj/Ice       0%         3d3       100%        4
 Ice Form                 Ice/Tmut       0%         N/A       100%        4
 Iskenderun's Mystic Bla  Conj/Tloc      0%         2d3       100%        4
 Summon Ice Beast         Ice/Summ       0%         N/A       100%        4
 Summon Lightning Spire   Summ/Air       0%         N/A       100%        4
 Lee's Rapid Deconstruct  Erth           0%         3d5*      100%        5
 Lightning Bolt           Conj/Air       0%         1d11      100%        5
 Death Channel            Necr           0%         N/A       100%        6
 Starburst                Conj/Fire      0%         6d3       100%        6


Dungeon Overview and Level Annotations

Branches:
Dungeon (14/15)            Temple (1/1) D:5            Lair (6/6) D:11
 Shoals (0/4) Lair:2       Spider (0/4) Lair:2        Slime (0/5) Lair:5
    Orc (0/2) D:12         Vaults (0/5) D:14          Sewer (visited)

Altars:
Ashenzari
Cheibriados
Dithmenos
Elyvilon
Fedhas
Gozag
Hepliaklqana
Kikubaaqudgha
Makhleb
Nemelex Xobeh
Okawaru
Qazlal
Ru
Sif Muna
Trog
Uskayaw
Vehumet
Wu Jian
Xom
Yredelemnul
Zin
The Shining One

Shops:
D:12 (=   Lair:2 (*

Annotations:
Lair:1 exclusion: oklob plant
Lair:5 exclusion: 3 oklob plants


Innate Abilities, Weirdness & Mutations

You are completely covered in rugged brown scales. (AC +3, +7% HP)
You have supernaturally acute eyesight. (SInv)
Armour fits poorly on your strangely shaped body.
You can roll at nearby foes to attack.
You have a long armoured tail.
You curl defensively after being hit. (AC +7*)


Message History

The fire crab is moderately wounded.
You are engulfed in blazing flames.
You puncture the fire crab!
You kill the fire crab!
The fire crab's corpse shimmers and vanishes!
The rakshasa hits you from afar with a +0 trident.
The rakshasa is distracted by your dazzling golden aura. x2
There is an open door here.
You see here 5 gold pieces.
You closely miss the rakshasa.
The rakshasa is no longer distracted by gold.
The rakshasa is almost dead.
The deep elf pyromancer is distracted by your dazzling golden aura.
The deep elf pyromancer shouts!
You impale the rakshasa!!
You kill the rakshasa!
The rakshasa shimmers and vanishes! x2
The deep elf pyromancer shimmers and vanishes!
The fire elemental is distracted by your dazzling golden aura.
The deep elf pyromancer hits you with a +0 short sword.
Items here: $ )) [.
You hit the deep elf pyromancer. You tail-slap the deep elf pyromancer.
The deep elf pyromancer is moderately wounded.
The deep elf pyromancer hits you but does no damage.
You impale the deep elf pyromancer!!
Your tail-slap misses the deep elf pyromancer.
The deep elf pyromancer is severely wounded.
The fire elemental is no longer distracted by gold.
The fire elemental hits you. The fire elemental burns you!
The deep elf pyromancer hits you but does no damage.
You barely miss the deep elf pyromancer.
The deep elf pyromancer is severely wounded.
The fire elemental is distracted by your dazzling golden aura.
You hit the deep elf pyromancer.
The deep elf pyromancer is almost dead.
The fire elemental is no longer distracted by gold.
The deep elf pyromancer points at you and mumbles some strange words.
The bolt of fire hits you!!! The fire burns you terribly!
You die...
Your body crumbles into a pile of gold.

..............# .#
................# .#
.................#
.#####.................#
.......................#
)..............○.......#
..............°eEE.....#
........########@......#
........#......$.......#
........#......#.......#
.......<#......#.......#
......###......#.......#
......#.......##.......#
###..>######.####......#
##....# #.# .......
##...# #.# ....###


You could see a deep elf pyromancer and 2 fire elementals.

Vanquished Creatures
  Gastronok (Lair:3)
  Nessos (Lair:6)
  2 boulder beetles
  10 hydras
  A rakshasa (D:14)
  8 vault guards (D:14)
  2 catoblepae
  3 two-headed ogres
  2 centaur warriors (D:13)
  6 death yaks
  A deep troll shaman (Lair:6)
  Urug (D:11)
  A fire crab (D:14)
  A deep elf pyromancer (D:13)
  5 cyclopes
  2 manticores
  A moth of wrath (shapeshifter) (D:13)
  A merfolk siren (Lair:2)
  19 elephants
  7 black mambas
  3 gargoyles
  A torpor snail (Lair:2)
  14 cane toads
  6 rime drakes
  A kobold demonologist (D:9)
  6 komodo dragons
  An efreet (D:14)
  An unseen horror (D:6)
  3 meliai (D:13)
  3 polar bears
  Prince Ribbit (D:6)
  4 trolls
  17 blink frogs
  2 dream sheep
  Sigmund (D:2)
  A shadow (D:11)
  43 yaks
  7 wyverns
  2 hogs (D:9)
  2 wraiths (D:12)
  5 basilisks
  2 redbacks (Lair:2)
  Menkaure (D:5)
  2 acid dragons
  2 hell hounds (Lair:5)
  11 water moccasins
  6 orc warriors
  An ice beast (D:6)
  A sky beast (D:6)
  5 black bears
  23 wolves
  2 necrophages
  3 ogres
  6 centaurs
  3 kobold brigands
  13 bullfrogs
  A gnoll sergeant (D:13)
  2 scorpions
  2 water moccasin zombies (D:6)
  A water moccasin skeleton (D:6)
  A ballistomycete (Lair:4)
  The ghost of jimonade the Prestidigitator, a weakling GnWn (D:4)
  2 centaur zombies
  4 crimson imps (D:5)
  A bullfrog zombie (D:5)
  5 hounds
  8 orc priests
  A bullfrog skeleton (D:5)
  A centaur skeleton (D:7)
  A gnoll shaman (D:6)
  11 jellies
  Crazy Yiuf (D:2)
  Jessica (D:2)
  An iguana (D:7)
  18 orc wizards
  A scorpion zombie (D:5)
  7 hell rats
  2 killer bee zombies
  A hound skeleton (D:5)
  3 howler monkey zombies
  7 gnolls
  9 adders
  15 river rats
  An adder skeleton (D:4)
  3 worms
  A dart slug (D:4)
  35 orcs
  18 endoplasms
  2 giant cockroaches
  8 goblins
  5 hobgoblins
  6 jackals
  22 kobolds
  A quokka (D:3)
  11 ball pythons
  3 bats
  4 frilled lizards (D:1)
  A goblin zombie (D:6)
  A kobold zombie (D:6)
  19 rats
  A rat zombie (D:6)
  4 ballistomycete spores (Lair:4)
534 creatures vanquished.

Vanquished Creatures (others)
  6 ballistomycete spores (Lair:4)
  36 fungi
  43 plants
85 creatures vanquished.

Grand Total: 619 creatures vanquished

Notes
Turn   | Place    | Note
-------+----------+-------------------------------------------
     0 | D:1      | choreboyy the Palentonga Fighter began the quest for the
                  | Orb.
     0 | D:1      | Reached XP level 1. HP: 19/19 MP: 1/1
    33 | D:1      | Found a faded altar of an unknown god.
   560 | D:1      | Reached XP level 2. HP: 25/25 MP: 2/2
  1286 | D:2      | Noticed Jessica
  1295 | D:2      | Killed Jessica
  1296 | D:2      | Reached XP level 3. HP: 10/31 MP: 3/3
  1691 | D:2      | Noticed Sigmund
  1703 | D:2      | Killed Sigmund
  1704 | D:2      | Reached XP level 4. HP: 21/39 MP: 4/4
  1704 | D:2      | Reached XP level 5. HP: 24/44 MP: 5/5
  2272 | D:2      | Found a runed translucent door.
  2273 | D:2      | Noticed Crazy Yiuf
  2375 | D:2      | Killed Crazy Yiuf
  2376 | D:2      | Reached skill level 4 in Fighting
  2563 | D:3      | Reached XP level 6. HP: 43/51 MP: 6/6
  2608 | D:3      | Found a glowing drain.
  2622 | Sewer    | Entered a sewer
  3867 | D:3      | Gained mutation: You curl defensively after being hit. (AC
                  | +7*) [Palentonga growth]
  3867 | D:3      | Reached XP level 7. HP: 45/58 MP: 7/7
  3870 | D:3      | Reached skill level 1 in Dodging
  4292 | D:3      | Reached skill level 7 in Fighting
  4292 | D:3      | Reached XP level 8. HP: 72/72 MP: 8/8
  4767 | D:4      | Noticed jimonade's ghost (weakling GnWn)
  4770 | D:4      | Found a runed translucent door.
  5030 | D:4      | Identified the +1 short sword of Slow Death {chaos, MP+9
                  | Dex+3}
  5225 | D:4      | Killed jimonade's ghost
  5306 | D:5      | Entered Level 5 of the Dungeon
  5524 | D:5      | Noticed Menkaure
  5795 | D:5      | Found a staircase to the Ecumenical Temple.
  6153 | D:5      | Killed Menkaure
  6154 | D:5      | Reached skill level 8 in Fighting
  6154 | D:5      | Reached XP level 9. HP: 74/79 MP: 9/9
  6270 | D:5      | Found a basalt altar of Yredelemnul.
  6525 | D:5      | Found a shimmering altar of Xom.
  6601 | Temple   | Entered the Ecumenical Temple
  6674 | Temple   | Became a worshipper of Gozag Ym Sagoz the Greedy
  7131 | D:6      | Noticed an unseen horror
  7146 | D:6      | Killed an unseen horror
  7322 | D:6      | Noticed Prince Ribbit
  7354 | D:6      | Killed Prince Ribbit
  8232 | D:7      | Found a glowing golden altar of the Shining One.
  8329 | D:7      | Reached XP level 10. HP: 54/87 MP: 10/10
  9569 | D:8      | Identified the +3 mace of the Sybil {vorpal, rN+ Will-
                  | Int+4 Dex+3 SInv}
  9629 | D:8      | Reached skill level 1 in Stealth
  9967 | D:8      | Found a snail-covered altar of Cheibriados.
 10034 | D:8      | Noticed a two-headed ogre
 10048 | D:8      | Killed a two-headed ogre
 10177 | D:8      | Found a flagged portal.
 10177 | D:8      | Noticed a gargoyle
 10205 | D:8      | Killed a gargoyle
 10454 | D:8      | Reached skill level 10 in Polearms
 10476 | D:8      | Reached skill level 9 in Fighting
 11944 | D:9      | Found a huge runed translucent gate.
 11944 | D:9      | Noticed a manticore
 11956 | D:9      | Found a huge runed translucent gate.
 11956 | D:9      | Found a huge runed translucent gate.
 11956 | D:9      | Found a huge runed translucent gate.
 12584 | D:9      | Reached XP level 11. HP: 73/95 MP: 11/11
 13763 | D:10     | Entered Level 10 of the Dungeon
 14784 | D:11     | Noticed Urug
 14785 | D:11     | Paralysed by Urug for 5 turns
 14793 | D:11     | Paralysed by Urug for 3 turns
 14799 | D:11     | Killed Urug
 14800 | D:11     | Reached skill level 1 in Evocations
 15094 | D:11     | Reached skill level 10 in Armour
 15758 | D:11     | Found a staircase to the Lair.
 15773 | Lair:1   | Entered Level 1 of the Lair of Beasts
 16351 | Lair:1   | Noticed an oklob plant
 16696 | Lair:1   | Reached skill level 10 in Fighting
 16941 | Lair:1   | Noticed a seven-headed hydra
 17482 | Lair:1   | Killed a seven-headed hydra
 18384 | Lair:2   | Reached XP level 12. HP: 58/104 MP: 12/12
 18682 | Lair:2   | Found a staircase to the Shoals.
 19692 | Lair:2   | Found a hole to the Spider Nest.
 20343 | Lair:2   | Noticed an eight-headed hydra
 20352 | Lair:2   | Killed an eight-headed hydra
 20353 | Lair:2   | Reached skill level 11 in Fighting
 20391 | Lair:2   | Reached skill level 5 in Dodging
 20441 | Lair:2   | Bought the +2 pair of gloves "Roff" {rElec Str+2 Stlth+}
                  | for 390 gold pieces
 20453 | Lair:2   | Identified a scroll of acquirement
 20453 | Lair:2   | Acquired a +1 demon trident of electrocution
 21366 | Lair:3   | You fall into a shaft and drop 3 floors!
 21366 | Lair:6   | Entered Level 6 of the Lair of Beasts
 21395 | Lair:6   | Noticed a four-headed hydra
 21409 | Lair:6   | Killed a four-headed hydra
 21995 | Lair:4   | Identified the +0 cloak "Ifueh" {Harm rN+ Will++ Slay-5}
 22221 | Lair:4   | Noticed a boulder beetle
 22267 | Lair:4   | Killed a boulder beetle
 22268 | Lair:4   | Reached XP level 13. HP: 85/114 MP: 13/13
 22500 | Lair:4   | Reached skill level 12 in Fighting
 24349 | Lair:5   | Found a staircase to the Slime Pits.
 25424 | Lair:6   | Reached skill level 13 in Fighting
 25433 | Lair:6   | Noticed Nessos
 25460 | Lair:6   | Killed Nessos
 26682 | Lair:6   | Reached XP level 14. HP: 91/126 MP: 14/14
 27940 | Lair:3   | Noticed Gastronok
 27953 | Lair:3   | Killed Gastronok
 29563 | D:12     | Reached skill level 14 in Fighting
 30229 | D:12     | Found a staircase to the Orcish Mines.
 30922 | D:12     | Bought the ring of Ziemeqey {rPois rC+ MP+9 Str+8 Stlth-}
                  | for 1057 gold pieces
 31210 | D:13     | Got Xaudec's Guide on Hurtful Fire
 32447 | D:13     | Identified the +1 robe "Qups" {Rampage Str+4 Int+6}
 32747 | D:14     | Found a gate to the Vaults.
 32810 | D:14     | HP: 3/129 [vault guard/+0 battleaxe (14)]
 33298 | D:14     | Killed from afar by a deep elf pyromancer

Illustrated notes

Levels and vault maps discovered:
D:1:      mrwooster_arrival_statue, layout_loops_corners,
          shapermc_ecumenical_altar_mp_vishouse, serial_rivers,
          chequers_serial_rivers_marsh, chequers_serial_rivers_small_3,
          chequers_serial_rivers_micro_d, chequers_serial_rivers_large_b,
          chequers_serial_rivers_room_b, nrook_campfire
D:2:      layout_loops_ring, uniq_jessica, uniq_sigmund, uniq_crazy_yiuf_cottage
D:3:      layout_basic, cheibrodos_sewer_entry_drain
D:4:      layout_basic, hellmonk_ghost_happy_afterlife, nrook_mini_backslash
D:5:      layout_loops_ring, lemuel_round_altar, led_xom_imps, temple_fountains,
          uniq_menkaure
D:6:      layout_basic, enter_ossuary_3, uniq_prince_ribbit1
D:7:      layout_cave_pods, tso_metal_star
D:8:      layout_loops_ring, cheibrodos_worm_habitat, enter_bailey_5
D:9:      lemuel_bear_cage, layout_irregular_city, grunt_decor_one_mirror,
          minmay_misc_feat_pillars
D:10:     layout_irregular_city
D:11:     layout_irregular_city, lair_entry_dummy, hangedman_decor_points,
          uniq_urug
D:12:     layout_loops_corners, hiddenorc1_lemuel, due_unseen_surprise
D:13:     layout_irregular_city, minivault_24, chequers_serial_rivers_small_b
D:14:     hangedman_cross_veins, layout_irregular_city, erik_vaults_2,
          patterned_corridor
Temple:   mainiacjoe_temple_coin_purse
Lair:1:   lemuel_slime, layout_chaotic_city, lemuel_fruit_fields,
          infiniplex_staircase_pool_2
Lair:2:   layout_chaotic_city, minmay_shoals_entry_lonely_mermaid,
          spider_nest_entry_webs, grunt_megastairs_4
Lair:3:   layout_loops_ring, hangedman_lair_generics_rect, grunt_megastairs_2,
          uniq_gastronok
Lair:4:   beast_lair_carwin_large_1, layout_regular_city, grunt_megastairs_3,
          lemuel_fruit_tree
Lair:5:   layout_gridlike, minmay_slime_entry_oklob_open, special_room
          [special_room_mythical_zoo], minivault_27
Lair:6:   grunt_lair_end_beastmaster, layout_gridlike, kennysheep_rathole,
          uniq_nessos

Skill      XL: |  1  2  3  4  5  6  7  8  9 10 11 12 13 14 |
---------------+-------------------------------------------+-----
Polearms       | 2 3 4 7 8 9 10 11 12 | 12.8
Armour         | 3 4 8 9 10 11 12 13 | 13.5
Fighting       | 4 7 8 9 10 11 13 14 | 14.6
Dodging        | 1 2 3 6 |  6.9
Stealth        | 1 3 |  3.7
Evocations     | 1 |  1.2
Shields        | |  2.4

Action                   |  1- 3 |  4- 6 |  7- 9 | 10-12 | 13-15 || total
-------------------------+-------+-------+-------+-------+-------++-------
Melee: Trident           |    53 |   199 |   369 |   733 |       ||  1354
       Tailslap          |     4 |    26 |    51 |   179 |   125 ||   385
       Punch             |     1 |     1 |     6 |    19 |    10 ||    37
       Demon trident     |       |       |       |   152 |   687 ||   839
Invok: Call Merchant     |       |       |       |     2 |     2 ||     4
Evoke: Wand              |       |       |       |    31 |    26 ||    57
  Use: Potion            |     1 |     2 |     1 |    16 |    11 ||    31
       Scroll            |       |       |     9 |    11 |     6 ||    26
 Stab: Distracted        |       |       |     1 |     6 |     5 ||    12
       Sleeping          |       |       |       |       |     1 ||     1
Armor: Scale mail        |    15 |       |       |       |       ||    15
       Ice dragon scales |    14 |   166 |   174 |   405 |   360 ||  1119
Dodge: Dodged            |    18 |   101 |   129 |   531 |   483 ||  1262
